 Dungeon Crawl Stone Soup version 0.30-a0-946-gec5dcfc036 (webtiles) character file.

Game seed: 4417128362239767827

63 2tousent the Grave Robber (level 3, -3/26 HPs)
             Began as a Demonspawn Necromancer on Mar 26, 2023.
             Slain by a gnoll
             ... wielding a +0 club
              (5 damage)
             ... on level 2 of the Dungeon.
             The game lasted 00:02:17 (1707 turns).

2tousent the Grave Robber (Demonspawn Necromancer)  Turns: 1707, Time: 00:02:18

Health: -3/26      AC:  2    Str:  6 (8)  XL:     3   Next: 89%
Magic:  4/6        EV: 12    Int: 17 (18) God:
Gold:   66         SH:  0    Dex: 11 (13) Spells: 6/7 levels left

rFire   . . .      SeeInvis .    h - +0 dagger
rCold   . . .      Faith    .    (no shield)
rNeg    . . .      Spirit   .    a - +0 robe
rPois   .          Reflect  .    (helmet restricted)
rElec   .          Rampage  .    (no cloak)
rCorr   .                        (no gloves)
Will    .....                    (no boots)
Stlth   ++                       (no amulet)
HPRegen 0.24/turn                (no ring)
MPRegen 0.10/turn                (no ring)

@: no status effects
A: antennae 2
a: no special abilities


You were on level 2 of the Dungeon.
You visited 1 branch of the dungeon, and saw 2 of its levels.

You collected 66 gold pieces.

Inventory:

Hand Weapons
 h - a +0 dagger (weapon)
Armour
 a - a +0 robe (worn)
Potions
 d - a potion of mutation
 f - a potion of might {unknown}


   Skills:
 + Level 1.6 Fighting
 - Level 1.7 Dodging
 - Level 1.7 Stealth
 + Level 2.5 Spellcasting
 * Level 5.3 Necromancy


You had 6 spell levels left.
You knew the following spells:

 Your Spells              Type           Power      Damage    Failure   Level
a - Necrotise             Necr           80%        1d8       1%          1

Your spell library contained the following spells:

 Spells                   Type           Power      Damage    Failure   Level
 Vampiric Draining        Necr           20%        2d7       6%          3
 Apportation              Tloc           4%         N/A       19%         1
 Animate Dead             Necr           20%        N/A       21%         4
 Gell's Gravitas          Tloc           2%         N/A       50%         3
 Teleport Other           Tloc           2%         N/A       50%         3
 Agony                    Necr           20%        N/A       50%         5
 Alistair's Intoxication  Tmut/Pois      1%         N/A       99%         5
 Dispersal                Tloc           1%         N/A       100%        6


Dungeon Overview and Level Annotations

Branches:
Dungeon (2/15)

Altars:

Shops:
D:2 !


Innate Abilities, Weirdness & Mutations

You have a pair of antennae on your head.


Message History

Your gnoll skeleton hits the gnoll but does no damage.
Your goblin skeleton hits the gnoll but does no damage.
The gnoll hits you from afar with a +0 spear.
The gnoll hits your gnoll skeleton with a +0 club.
Your gnoll skeleton hits the gnoll.
Your goblin skeleton barely misses the gnoll.
The gnoll hits you with a +0 spear.
* * * LOW HITPOINT WARNING * * *
The gnoll hits your gnoll skeleton with a +0 club!
Your gnoll skeleton is destroyed!
You see here a +0 spear.
You aren't carrying any items that you can evoke.
Magic courses through your body. The gnoll barely misses you.
Your goblin skeleton hits the gnoll.
Casting: Necrotise (safe; 1% risk of failure)
Confirm with . or Enter, or press ? or * to list all spells.
Aiming: Necrotise (safe; 1% risk of failure)
Press: ? - help, Shift-Dir - straight line, f - gnoll
Aim: a gnoll, wielding a +0 spear (lightly wounded, chance to affect: 85%)
The gnoll writhes in agony.
The gnoll barely misses you. The gnoll hits you with a +0 club.
* * * LOW HITPOINT WARNING * * *
Unknown command.
Casting: Necrotise (safe; 1% risk of failure)
Confirm with . or Enter, or press ? or * to list all spells.
Aiming: Necrotise (safe; 1% risk of failure)
Press: ? - help, Shift-Dir - straight line, f/p - gnoll
Aim: a gnoll, wielding a +0 spear (heavily wounded, chance to affect: 85%)
The gnoll writhes in agony.
Your goblin skeleton barely misses the gnoll.
The gnoll misses you. The gnoll hits you but does no damage.
Unknown command.
It was a potion of degeneration.
There was something very wrong with that liquid.
You feel weakened.
You feel dopey.
You feel clumsy.
Your goblin skeleton hits the gnoll but does no damage.
The gnoll hits your goblin skeleton with a +0 spear!
Your goblin skeleton is destroyed!
The gnoll hits you with a +0 club.
You die...

### #........#
#.. #..#######
#.# #.##
#.####.#
#.##...#
#.##.### #
#.#..#
.####'##.#.#####
.....).@g......#
......>g.......#
......§§§......#
......§§.≈..#.##
#####.≈§§.≈...#
#§..∩§.≈.##
#.≈..§≈.##
#.[≈§≈..#


You could see 2 gnolls.

Vanquished Creatures
  A gnoll (D:2)
  An adder (D:2)
  3 dart slugs (D:1)
  3 endoplasms (D:1)
  5 goblins
  5 hobgoblins (D:1)
  4 jackals (D:1)
  3 kobolds (D:1)
  A quokka (D:1)
  3 ball pythons
  3 bats (D:1)
  3 frilled lizards (D:1)
  2 rats (D:1)
37 creatures vanquished.

Notes
Turn   | Place    | Note
-------+----------+-------------------------------------------
     0 | D:1      | 2tousent the Demonspawn Necromancer began the quest for the
                  | Orb.
     0 | D:1      | Reached XP level 1. HP: 13/13 MP: 3/3
   230 | D:1      | Gained mutation: You have a pair of small antennae on your
                  | head. [demonic ancestry]
   230 | D:1      | Reached XP level 2. HP: 20/20 MP: 1/5
   574 | D:1      | Reached skill level 1 in Fighting
   835 | D:1      | Reached skill level 5 in Necromancy
   838 | D:1      | Gained mutation: You have a pair of antennae on your head.
                  | [demonic ancestry]
   838 | D:1      | Reached XP level 3. HP: 20/26 MP: 0/6
  1691 | D:2      | Found Coalouq's Distillery.
  1705 | D:2      | HP: 1/26 [gnoll/+0 club (6)]
  1707 | D:2      | Slain by a gnoll

Illustrated notes

Levels and vault maps discovered:
D:1:      dpeg_arrival_lava_temple_mockup, layout_loops_corners
D:2:      layout_basic, serial_shops, nicolae_diamond_shop, basic_altar,
          kennysheep_generic_room_12

Skill      XL: |  1  2 |
---------------+-------+-----
Fighting       | 1 |  1.6
Necromancy     | 5 |  5.3
Dodging        | |  1.7
Stealth        | |  1.7
Spellcasting   | |  2.5

Action                     || total
---------------------------++-------
  Melee: Unarmed           ||    15
         Punch             ||     1
         Dagger            ||     9
   Cast: Necrotise         ||    69
    Use: Scroll            ||     4
         Potion            ||     2
 Armour: Robe              ||    10
  Dodge: Dodged            ||    26

Table legend: (Time is in decaauts)
 A = Elapsed time spent in this place.
 B = Non-inter-level travel time spent in this place.
 C = Inter-level travel time spent in this place.
 D = Time resting spent in this place.
 E = Time spent auto-exploring this place.
 F = Levels seen in this place.
 G = Mean time per level.
                   A        B        C        D        E       F      G
               +--------+--------+--------+--------+--------+-----+--------+
         Total |   1706 |   1656 |     50 |      0 |   1440 |   2 |  853.0 |
       Dungeon |   1706 |   1656 |     50 |      0 |   1440 |   2 |  853.0 |
               +--------+--------+--------+--------+--------+-----+--------+

Top non-repeatable levels by time:
     D:1: 1559 daAuts
     D:2: 146 daAuts
